[Event "FIDE World Rapid-ch Open 2018"]
[White "Kobo, Ori"]
[Black "Iljiushenok, Ilia"]
[Site "St. Petersburg"]
[Round "12.74"]
[Annotator "ChessBase"]
[Result "1/2-1/2"]
[Date "2018.12.28"]
[WhiteElo "2494"]
[BlackElo "2533"]
[PlyCount "96"]
[TimeControl "900+10"]

1. Nf3 Nf6 2. c4 g6 3. g3 Bg7 4. Bg2 0-0 5. Nc3 d6 6. d4 c5 7. d5 e6 8. 0-0 exd5 9. cxd5 Re8 10. Re1 Ne4 11. Nxe4 Rxe4 12. Qc2 Re8 13. Bg5 Qb6 14. Rab1 Qa6 15. Nd2 Nd7 16. e4 Ne5 17. Bf1 Qa5 18. Kg2 b5 19. h3 Bb7 20. b4 cxb4 21. Nb3 Qb6 22. Be3 Qd8 23. Bxb5 Rc8 24. Qe2 Nd7 25. Na5 Qxa5 26. Bxd7 Rcd8 27. Bxe8 Rxe8 28. f3 f5 29. exf5 gxf5 30. Qf2 Qxd5 31. Red1 Qb5 32. a4 Qxa4 33. Bd4 Qb5 34. Rb2 Qd5 35. Rbd2 Bxd4 36. Rxd4 Qxf3+ 37. Qxf3 Re2+ 38. Kf1 Bxf3 39. Rxd6 Ra2 40. Rc1 Kf7 41. Rc7+ Ke8 42. Rxh7 b3 43. Re6+ Kf8 44. Rf6+ Kg8 45. Rff7 b2 46. Rhg7+ Kh8 47. Rh7+ Kg8 48. Rhg7+ Kh8 1/2-1/2

[Event "FIDE World Rapid-ch Open 2018"]
[White "Reshetnikov, Alexey"]
[Black "Christiansen, Johan-Sebastian"]
[Site "St. Petersburg"]
[Round "12.79"]
[Annotator "ChessBase"]
[Result "1-0"]
[Date "2018.12.28"]
[WhiteElo "2492"]
[BlackElo "2555"]
[PlyCount "89"]
[TimeControl "900+10"]

1. c4 e5 2. Nc3 Nc6 3. g3 Bc5 4. Bg2 d6 5. e3 a6 6. Nge2 Ba7 7. b3 h5 8. h3 h4 9. g4 f5 10. gxf5 Bxf5 11. Be4 Qd7 12. Qc2 Bxe4 13. Nxe4 0-0-0 14. Ba3 Nge7 15. N2c3 Rdf8 16. Qd1 Nf5 17. Qg4 Kb8 18. 0-0-0 Nd8 19. Rhg1 Ne6 20. Kb1 Ka8 21. Qe2 Rb8 22. d3 Rhf8 23. Rg6 b5 24. Bb2 Rb7 25. Qg4 Nd8 26. Rg5 Qf7 27. Rg1 b4 28. Ne2 a5 29. Qh5 Qd7 30. Rg6 a4 31. R1g5 a3 32. Ba1 d5 33. cxd5 Qxd5 34. Nc1 Qd7 35. Qg4 Rf7 36. Nd2 Rb5 37. Nc4 Rf8 38. Rxg7 Qc8 39. Rg8 Rf6 40. Bxe5 Rf7 41. e4 Rxe5 42. Nxe5 Qe6 43. Rxf5 Kb7 44. Nxf7 Nc6 45. Rb5+ 1-0

[Event "FIDE World Rapid-ch Open 2018"]
[White "Makoveev, Ilya"]
[Black "Gordievsky, Dmitry"]
[Site "St. Petersburg"]
[Round "12.84"]
[Annotator "ChessBase"]
[Result "1-0"]
[Date "2018.12.28"]
[WhiteElo "2257"]
[BlackElo "2614"]
[PlyCount "81"]
[TimeControl "900+10"]

1. e4 c5 2. Nf3 Nc6 3. Bb5 g6 4. Bxc6 bxc6 5. 0-0 Bg7 6. Re1 Nh6 7. c3 0-0 8. d4 cxd4 9. cxd4 d5 10. e5 f6 11. e6 Qd6 12. Qe2 c5 13. Nc3 Nf5 14. dxc5 Qxc5 15. Qb5 Qxb5 16. Nxb5 Bb7 17. g4 a6 18. gxf5 axb5 19. Nd4 Rfc8 20. Be3 b4 21. Rec1 Kf8 22. Rxc8+ Rxc8 23. Rc1 gxf5 24. Rxc8+ Bxc8 25. f4 b3 26. a4 Ke8 27. Bd2 Kd8 28. Ba5+ Ke8 29. Kf2 Bh6 30. Ke3 Bf8 31. Kd2 Bh6 32. Ke3 Bf8 33. Bb6 Bh6 34. a5 Bf8 35. h3 Bh6 36. h4 Bg7 37. Bc7 Bh6 38. Kd3 Kf8 39. Kc3 Bb7 40. Kxb3 Kg7 41. h5 1-0

[Event "FIDE World Rapid-ch Open 2018"]
[White "Tsoi, Dmitry"]
[Black "Lintchevski, Daniil"]
[Site "St. Petersburg"]
[Round "12.85"]
[Annotator "ChessBase"]
[Result "0-1"]
[Date "2018.12.28"]
[WhiteElo "2424"]
[BlackElo "2516"]
[PlyCount "102"]
[TimeControl "900+10"]

1. e4 c5 2. Be2 e5 3. d3 Bd6 4. Nh3 Bc7 5. Nc3 Ne7 6. Bg5 Ba5 7. 0-0 Bxc3 8. bxc3 Nbc6 9. f4 h6 10. Bxe7 Qxe7 11. f5 f6 12. Bh5+ Kd8 13. c4 b6 14. Nf2 Bb7 15. Ng4 Kc7 16. Ne3 Na5 17. Rb1 Bc6 18. Bg6 Rab8 19. Qh5 Rhf8 20. Rb2 Qd6 21. Rbb1 Qe7 22. Kf2 a6 23. Qe2 Qd6 24. Qe1 Nb7 25. Qc3 b5 26. a3 Qd4 27. Qb2 Nd6 28. cxb5 Rxb5 29. Qxd4 cxd4 30. Ng4 Rfb8 31. Rxb5 Rxb5 32. Kg3 Rc5 33. Rf2 Bxe4 34. Kh4 Bc6 35. Bh7 e4 36. dxe4 Bxe4 37. Rd2 Bxf5 38. Bxf5 Nxf5+ 39. Kh3 Rc3+ 40. g3 Rxa3 41. Nf2 a5 42. Kg4 Ne3+ 43. Kh5 Rc3 44. Rxd4 Rxc2 45. Ne4 Rc4 46. Rxc4+ Nxc4 47. Nc3 Ne5 48. g4 Kc6 49. h4 d5 50. g5 hxg5 51. hxg5 fxg5 0-1

[Event "FIDE World Rapid-ch Open 2018"]
[White "Zablotsky, Sergei"]
[Black "Hirneise, Jens"]
[Site "St. Petersburg"]
[Round "12.86"]
[Annotator "ChessBase"]
[Result "0-1"]
[Date "2018.12.28"]
[WhiteElo "2511"]
[BlackElo "2371"]
[PlyCount "104"]
[TimeControl "900+10"]

1. d4 Nf6 2. c4 g6 3. Nc3 Bg7 4. e4 d6 5. h3 0-0 6. Nf3 e5 7. d5 a5 8. g4 Na6 9. Be3 Nd7 10. a3 Nac5 11. Rg1 a4 12. h4 Nb3 13. Rb1 Ndc5 14. h5 gxh5 15. gxh5 Kh8 16. h6 Bf6 17. Ng5 Qe7 18. Qh5 Nd4 19. Kd1 Bd7 20. Rg3 Be8 21. Bh3 Bxg5 22. Qxg5 Qxg5 23. Bxg5 f6 24. Be3 Bg6 25. f3 f5 26. Bxd4 exd4 27. exf5 dxc3 28. fxg6 hxg6 29. bxc3 Kh7 30. Kd2 Rae8 31. Be6 Rf6 32. Rbg1 Nxe6 33. dxe6 Rfxe6 34. f4 Rf8 35. Re3 Rxe3 36. Kxe3 Rf5 37. Rh1 b5 38. cxb5 Rxb5 39. Kd4 Rb3 40. Re1 Kxh6 41. Re7 Rxa3 42. Rxc7 Ra1 43. Kc4 Rf1 44. Rf7 Kh5 45. Kb4 Kg4 46. Rd7 Rxf4+ 47. c4 Rf6 48. Kxa4 Kf5 49. Kb5 g5 50. Kc6 g4 51. Kd5 g3 52. Rg7 Kf4 0-1

[Event "FIDE World Rapid-ch Open 2018"]
[White "Ovchinnikov, Vsevolod"]
[Black "Belozerov, Andrei"]
[Site "St. Petersburg"]
[Round "12.87"]
[Annotator "ChessBase"]
[Result "1/2-1/2"]
[Date "2018.12.28"]
[WhiteElo "2329"]
[BlackElo "2528"]
[PlyCount "101"]
[TimeControl "900+10"]

1. d4 d5 2. c4 c6 3. Nf3 Nf6 4. g3 dxc4 5. Bg2 g6 6. a4 Bg7 7. 0-0 0-0 8. Na3 Be6 9. Ng5 Bd5 10. e4 h6 11. exd5 hxg5 12. dxc6 Nxc6 13. Nxc4 Qxd4 14. Qxd4 Nxd4 15. Bxg5 Rac8 16. Na3 Nc2 17. Rac1 Nxa3 18. bxa3 b6 19. Bb7 Rxc1 20. Rxc1 Rd8 21. Rc7 Nd5 22. Bxd5 Rxd5 23. Bxe7 Bd4 24. Kg2 a6 25. Rc8+ Kg7 26. Rc4 Bc5 27. Bxc5 bxc5 28. a5 Kf6 29. Kf3 Ke5 30. Ke2 Kd6 31. Rc1 Re5+ 32. Kd3 Kd5 33. Rb1 c4+ 34. Kc3 Re2 35. Rb6 Rxf2 36. Rxa6 Rf3+ 37. Kb2 Rf2+ 38. Kc3 Rf3+ 39. Kb2 Rb3+ 40. Ka2 Rb5 41. Ra8 c3 42. Rc8 Kd4 43. a6 Rb2+ 44. Ka1 Rb3 45. Ka2 Rb2+ 46. Ka1 Rb3 47. Ka2 Rb2+ 48. Ka1 Rb3 49. Ka2 Rb2+ 50. Ka1 Rb3 51. Ka2 1/2-1/2

[Event "FIDE World Rapid-ch Open 2018"]
[White "Sanikidze, Tornike"]
[Black "Pogosyan, Stefan"]
[Site "St. Petersburg"]
[Round "12.88"]
[Annotator "ChessBase"]
[Result "0-1"]
[Date "2018.12.28"]
[WhiteElo "2507"]
[BlackElo "2365"]
[PlyCount "114"]
[TimeControl "900+10"]

1. d4 Nf6 2. c4 e6 3. Nf3 b6 4. a3 Bb7 5. Nc3 d5 6. cxd5 exd5 7. Qc2 Nbd7 8. Bf4 a6 9. e3 Be7 10. Bd3 0-0 11. 0-0 c5 12. Rad1 Rc8 13. Ne5 g6 14. Bh6 Re8 15. f4 Bf8 16. Bg5 Qc7 17. f5 Rxe5 18. dxe5 Qxe5 19. Bf4 Qe7 20. fxg6 hxg6 21. Qf2 Bg7 22. Bg5 Qe6 23. Bb1 Ng4 24. Qg3 Nge5 25. Ba2 c4 26. Ne2 Nc5 27. Nf4 Qd7 28. Bb1 Qg4 29. Nxd5 Bxd5 30. Qxg4 Nxg4 31. Rxd5 Bxb2 32. h3 Ne5 33. Bf6 Ned3 34. Bd4 Bxd4 35. exd4 Ne4 36. Rd7 f5 37. g4 Nd2 38. Rd1 Nxb1 39. Rxb1 c3 40. gxf5 c2 41. Rf1 gxf5 42. d5 c1=Q 43. Rxc1 Rxc1+ 44. Kg2 Kf8 45. d6 Ke8 46. Rb7 Rc6 47. h4 Rxd6 48. Kf3 Kf8 49. h5 Kg8 50. a4 Nc5 51. Ra7 Nxa4 52. Kf4 Nc5 53. Kg5 Rd7 54. Ra8+ Kh7 55. Rb8 Rb7 56. Rc8 Rf7 57. Rc6 f4 0-1

[Event "FIDE World Rapid-ch Open 2018"]
[White "Sokolov, Andrei"]
[Black "Shubin, Kirill"]
[Site "St. Petersburg"]
[Round "12.89"]
[Annotator "ChessBase"]
[Result "0-1"]
[Date "2018.12.28"]
[WhiteElo "2532"]
[BlackElo "2334"]
[PlyCount "102"]
[TimeControl "900+10"]

1. g3 e5 2. c4 Nc6 3. Bg2 g6 4. Nc3 Bg7 5. e3 Nge7 6. Nge2 d6 7. d3 0-0 8. 0-0 Be6 9. a3 f5 10. b4 Qd7 11. Bb2 Rae8 12. Nd5 Nd8 13. Qd2 c6 14. Ndc3 g5 15. f4 h6 16. Nd1 Ng6 17. Nf2 exf4 18. exf4 Bxb2 19. Qxb2 Qg7 20. Qxg7+ Kxg7 21. Rae1 Bd7 22. fxg5 hxg5 23. Nd4 Ne5 24. c5 dxc5 25. bxc5 Ndf7 26. Nf3 Nxf3+ 27. Bxf3 Bc8 28. Bh5 Rxe1 29. Rxe1 Kf6 30. Bxf7 Kxf7 31. Kf1 Rd8 32. Ke2 Rd4 33. Kd2 Ra4 34. Ra1 b6 35. cxb6 axb6 36. Kc3 c5 37. Kb3 b5 38. Rc1 Be6+ 39. Kb2 b4 40. Ra1 Kf6 41. axb4 Rxa1 42. Kxa1 cxb4 43. d4 Bc4 44. h4 g4 45. Kb2 Kg6 46. d5 Bxd5 47. Nd3 Bf7 48. Nxb4 f4 49. Nd3 fxg3 50. Kc1 Kf5 51. Kd2 g2 0-1

[Event "FIDE World Rapid-ch Open 2018"]
[White "Maghsoodloo, Parham"]
[Black "Gurvich, Vitaly"]
[Site "St. Petersburg"]
[Round "12.90"]
[Annotator "ChessBase"]
[Result "1-0"]
[Date "2018.12.28"]
[WhiteElo "2688"]
[BlackElo "2270"]
[PlyCount "132"]
[TimeControl "900+10"]

1. d4 Nf6 2. Nf3 e6 3. Bf4 d5 4. e3 Bd6 5. Nbd2 Bxf4 6. exf4 c5 7. c3 Qc7 8. g3 b6 9. Bb5+ Bd7 10. Bd3 Nc6 11. Rc1 0-0 12. 0-0 Rac8 13. a3 Qd6 14. Qe2 cxd4 15. cxd4 Ne7 16. Qe5 Qb8 17. Qxb8 Rxb8 18. Rc7 a5 19. Ne5 Rfd8 20. g4 Rbc8 21. Rb7 Nc6 22. g5 Nxe5 23. fxe5 Nh5 24. f4 g6 25. Kg2 Rb8 26. Rc7 Rbc8 27. Rb7 Rb8 28. Rxb8 Rxb8 29. Kf3 Rc8 30. Ke3 Kf8 31. Nb1 Ke7 32. Nc3 Rc7 33. Kd2 Rc8 34. Nd1 Rc7 35. Ne3 Rc8 36. Ng4 Rc7 37. Nh6 Kf8 38. Rf2 Be8 39. Ng4 Ke7 40. Ne3 Bd7 41. Nd1 Be8 42. Nc3 Bd7 43. Rf1 Rc8 44. Ne2 Kf8 45. Rb1 Ke7 46. Ra1 Ra8 47. Ke3 Ra7 48. Rc1 Rb7 49. Ng3 Nxg3 50. hxg3 Kf8 51. g4 Ra7 52. f5 Rb7 53. Ba6 Ra7 54. Bc8 Ke7 55. Bxd7 Kxd7 56. Rh1 exf5 57. gxf5 gxf5 58. Rxh7 Ke6 59. g6 Ra8 60. Rxf7 Rh8 61. Rh7 Rc8 62. g7 Rg8 63. Kf4 a4 64. Kg5 Kf7 65. Kxf5 b5 66. e6+ Ke7 1-0

[Event "FIDE World Rapid-ch Open 2018"]
[White "Drygalov, Sergey"]
[Black "Perdomo, Carlos Andres"]
[Site "St. Petersburg"]
[Round "12.92"]
[Annotator "NA"]
[Result "1-0"]
[Date "2018.12.28"]
[WhiteElo "2446"]
[BlackElo "2301"]
[PlyCount "57"]
[TimeControl "900+10"]

1. d4 Nf6 2. Nf3 e6 3. c4 d5 4. Nc3 Be7 5. Bf4 0-0 6. e3 Nh5 7. Be5 f6 8. Bg3 Nxg3 9. hxg3 f5 10. Qc2 c6 11. g4 g6 12. gxf5 Rxf5 13. Bd3 dxc4 14. Bxc4 Kg7 15. Bd3 Rf8 16. Ne5 Rf6 17. 0-0-0 Nd7 18. Ne4 Rf5 19. f4 Nxe5 20. dxe5 Qb6 21. Qe2 a5 22. g4 Rf7 23. g5 a4 24. Nf6 Bxf6 25. gxf6+ Kg8 26. Bxg6 hxg6 27. Qh2 Qxe3+ 28. Kb1 Qe4+ 29. Ka1 1-0

[Event "FIDE World Rapid-ch Open 2018"]
[White "Al Thebaiti, Ahmed M"]
[Black "Hirneise, Tobias"]
[Site "St. Petersburg"]
[Round "12.94"]
[Annotator "ChessBase"]
[Result "1-0"]
[Date "2018.12.28"]
[WhiteElo "1976"]
[BlackElo "2464"]
[PlyCount "111"]
[TimeControl "900+10"]

1. d4 d5 2. Bf4 Nf6 3. e3 c5 4. c3 Nc6 5. Nd2 e6 6. Ngf3 Bd6 7. Bg3 0-0 8. Bd3 b6 9. 0-0 Bb7 10. a4 Qe7 11. Ne5 Nd7 12. f4 f5 13. Qe2 c4 14. Bc2 a6 15. Kh1 b5 16. axb5 axb5 17. b4 Nb6 18. Ndf3 Na4 19. Bh4 Qc7 20. Bxa4 Rxa4 21. Rxa4 bxa4 22. Ng5 Nd8 23. Qh5 h6 24. Nh3 Nc6 25. g4 fxg4 26. Nxg4 Kh8 27. Rg1 Qf7 28. Qxf7 Rxf7 29. Ra1 Na7 30. Rxa4 Nb5 31. Be1 Kh7 32. Ra5 Bc6 33. Ra6 Bd7 34. Nhf2 g5 35. Ne5 Bxe5 36. fxe5 Bc8 37. Ra8 Bb7 38. Rb8 h5 39. Kg2 Na3 40. h4 g4 41. Bd2 Bc6 42. Rc8 Bb5 43. e4 Nb1 44. Be1 Ba6 45. Rc6 Bb7 46. Rxe6 dxe4 47. Nd1 e3+ 48. Kg1 e2 49. Ne3 Rf3 50. Re7+ Kg6 51. Rxb7 Rxe3 52. Kf2 Re4 53. Rb6+ Kg7 54. Rb7+ Kg6 55. Rb6+ Kg7 56. Rb7+ 1-0

[Event "FIDE World Rapid-ch Open 2018"]
[White "Vorotnikov, Vladislav V"]
[Black "Danielyan, Vahe"]
[Site "St. Petersburg"]
[Round "12.97"]
[Annotator "NA"]
[Result "1/2-1/2"]
[Date "2018.12.28"]
[WhiteElo "2417"]
[BlackElo "2220"]
[PlyCount "69"]
[TimeControl "900+10"]

1. e4 c5 2. Nf3 d6 3. c3 Nf6 4. Bd3 g6 5. h3 Bg7 6. Bc2 0-0 7. 0-0 e5 8. d4 cxd4 9. cxd4 Nc6 10. dxe5 dxe5 11. Nc3 Be6 12. Be3 h6 13. Bb3 Bxb3 14. axb3 a6 15. Qxd8 Rfxd8 16. Rfd1 g5 17. Bb6 Re8 18. Nd5 Nxd5 19. Rxd5 Bf8 20. Nd2 Ne7 21. Rd7 Nc8 22. Rxb7 Nd6 23. Rd7 Rec8 24. Bc7 Ra7 25. Rxd6 Raxc7 26. Rdxa6 Rc2 27. Nc4 Bc5 28. Rf6 Bd4 29. Ra5 Re2 30. g4 Rb8 31. Nxe5 Rxe4 32. Rf5 Bxe5 33. Raxe5 Rxe5 34. Rxe5 Rxb3 35. Re3 1/2-1/2

[Event "FIDE World Rapid-ch Open 2018"]
[White "khayat, Abdullah F"]
[Black "Masrahi, Abdulrahman A"]
[Site "St. Petersburg"]
[Round "12.98"]
[Annotator "NA"]
[Result "0-1"]
[Date "2018.12.28"]
[WhiteElo "1723"]
[BlackElo "1903"]
[PlyCount "64"]
[TimeControl "900+10"]

1. d4 d5 2. g3 Nf6 3. Bg2 Bf5 4. Nf3 h6 5. 0-0 e6 6. c3 Be7 7. Nbd2 0-0 8. Re1 c5 9. a3 Nc6 10. b4 cxd4 11. cxd4 Qb6 12. Bb2 a5 13. e3 axb4 14. a4 Rfc8 15. Qe2 b3 16. Qb5 Qxb5 17. axb5 Na5 18. Rec1 Bc2 19. Ne1 Bb4 20. Ndf3 Ne4 21. Ne5 Bd2 22. Bxe4 dxe4 23. Nxc2 Bxc1 24. Rxc1 bxc2 25. Nd7 Nb3 26. Re1 c1=Q 27. Bxc1 Rxc1 28. Rxc1 Nxc1 29. Nc5 Ra5 30. Nxb7 Rxb5 31. Nd6 Rb2 32. Nxe4 Nd3 0-1

[Event "FIDE World Rapid-ch Open 2018"]
[White "Al Turky, Fahad A"]
[Black "Guimaraes, Diogo Duarte"]
[Site "St. Petersburg"]
[Round "12.99"]
[Annotator "NA"]
[Result "0-1"]
[Date "2018.12.28"]
[WhiteElo "1836"]
[BlackElo "2278"]
[PlyCount "104"]
[TimeControl "900+10"]

1. e4 e5 2. Nf3 Nc6 3. Bb5 Nf6 4. 0-0 Bc5 5. d3 Nd4 6. Bc4 d6 7. h3 0-0 8. Nc3 h6 9. Be3 Nxf3+ 10. Qxf3 Qe7 11. Bxc5 dxc5 12. Qe2 c6 13. a4 Be6 14. Bxe6 Qxe6 15. f4 exf4 16. Rxf4 Rae8 17. Qf2 Nd7 18. Rf1 b6 19. Ne2 Qe5 20. b3 g6 21. Ng3 Qd4 22. Kh2 Qxf2 23. R1xf2 f6 24. Nf1 Kf7 25. Ne3 Ke6 26. Kg1 b5 27. axb5 cxb5 28. Nd5 Rc8 29. Rf1 Rc6 30. Ra1 a6 31. Rxa6 Rxa6 32. Nc7+ Ke5 33. Nxa6 Kxf4 34. Nc7 Rb8 35. Kf2 Ke5 36. Ke3 f5 37. Na6 Rb7 38. c3 f4+ 39. Kf3 Ra7 40. d4+ cxd4 41. cxd4+ Kxd4 42. Nb4 Ne5+ 43. Kxf4 Rf7+ 44. Kg3 Kxe4 45. Na6 Nd3 46. Nb8 Rc7 47. Kg4 Ne5+ 48. Kh4 Kf4 49. Na6 Rc3 50. Nb4 Rc5 51. Na6 Nf3+ 52. gxf3 Rh5# 0-1

[Event "FIDE World Rapid-ch Open 2018"]
[White "Alsulaymi, Abdullah M"]
[Black "Ahmed Hassan Abdillahi"]
[Site "St. Petersburg"]
[Round "12.100"]
[Annotator "NA"]
[Result "0-1"]
[Date "2018.12.28"]
[WhiteElo "1833"]
[BlackElo "1570"]
[PlyCount "48"]
[TimeControl "900+10"]

1. e4 c5 2. b4 b6 3. bxc5 bxc5 4. Nf3 Bb7 5. Nc3 g6 6. Rb1 Qc7 7. Bc4 e6 8. 0-0 Bg7 9. d3 Bxc3 10. Bb3 Nc6 11. Ba3 Na5 12. d4 Bxe4 13. Bxc5 Ne7 14. Qe2 Bc6 15. Qd3 Nxb3 16. Rxb3 Nd5 17. Ng5 d6 18. Ba3 0-0 19. Qh3 h5 20. g4 Qe7 21. Ne4 Bxd4 22. Nxd6 Qg5 23. Rg3 Nf4 24. Qxh5 Ne2# 0-1